 Dungeon Crawl Stone Soup version 0.28.0-1-gb440e238dd (webtiles) character file.

Game seed: 4037378216669361657

2335 Woods the Basher (level 9, 0/51 HPs)
             Began as a Gargoyle Fighter on Feb 22, 2022.
             Was an Initiate of Yredelemnul.
             Slain by a komodo dragon (21 damage)
             ... on level 7 of the Dungeon.
             The game lasted 00:16:53 (7847 turns).

Woods the Basher (Gargoyle Fighter)                 Turns: 7847, Time: 00:16:54

Health: 0/51       AC: 21    Str: 20    XL:     9   Next: 42%
Magic:  9/9        EV:  7    Int: 15    God:    Yredelemnul [......]
Gold:   126        SH:  4    Dex: 13    Spells: 8/8 levels left

rFire   . . .      SeeInvis .   a - +0 flail
rCold   . . .      Faith    .   c - +0 buckler
rNeg    + . .      Spirit   .   z - +0 chain mail
rPois   ∞          Reflect  .   (no helmet)
rElec   +          Harm     .   r - +0 cloak
rCorr   .          Rampage  .   (no gloves)
Will    .....                   D - +0 pair of boots
Stlth   ..........              l - amulet of regeneration
HPRegen 0.97/turn               k - +6 ring of intelligence
MPRegen 0.11/turn               i - +4 ring of protection

@: mighty
A: sickness immunity, AC +6, negative energy resistance 1, electricity
resistance, torment resistance 1, petrification resistance
a: Renounce Religion, Recall Undead Harvest


You were on level 7 of the Dungeon.
You worshipped Yredelemnul.
Yredelemnul was noncommittal.
You visited 2 branches of the dungeon, and saw 8 of its levels.

You collected 231 gold pieces.
You spent 105 gold pieces at shops.

Inventory:

Hand Weapons
 a - a +0 flail (weapon)
Armour
 b - a +0 scale mail
 c - a +0 buckler (worn)
 r - a +0 cloak (worn)
 z - a +0 chain mail (worn)
 D - a +0 pair of boots (worn)
Jewellery
 i - a +4 ring of protection (right hand)
 k - a +6 ring of intelligence (left hand)
 l - an amulet of regeneration (around neck)
 t - a ring of protection from fire
 x - a +4 ring of evasion
 E - a ring of fire
Scrolls
 e - a scroll of magic mapping
 f - 6 scrolls of identify
 j - 3 scrolls of summoning {unknown}
 m - 3 scrolls of vulnerability
 o - 2 scrolls of fog
 p - a scroll of enchant armour {unknown}
 s - 3 scrolls of enchant weapon
 v - 5 scrolls of teleportation {unknown}
 w - a scroll of silence {unknown}
 y - a scroll of amnesia {unknown}
 F - a scroll of noise {unknown}
Potions
 d - 2 potions of might
 g - a potion of brilliance {unknown}
 h - 3 potions of heal wounds {unknown}
 n - 3 potions of flight {unknown}
 q - 2 potions of haste {unknown}
 u - a potion of attraction {unknown}
 A - a potion of degeneration {unknown}
 B - 2 potions of cancellation {unknown}
 C - 2 potions of curing
 G - a potion of invisibility {unknown}


   Skills:
 - Level 3.2 Fighting
 + Level 12.3 Maces & Flails
 - Level 3.2 Armour
 - Level 1.1 Dodging
 - Level 3.2 Shields


You had 8 spell levels left.
You didn't know any spells.
Your spell library contained the following spells:

 Spells                   Type           Power      Damage    Failure   Level
 Freeze                   Ice            0%         1d3       98%         1
 Scorch                   Fire           0%         2d5       99%         2
 Frozen Ramparts          Ice            0%         1d2       100%        3
 Flame Wave               Conj/Fire      0%         2d4       100%        4
 Hailstorm                Conj/Ice       0%         3d3       100%        4
 Summon Cactus Giant      Summ           0%         N/A       100%        6


Dungeon Overview and Level Annotations

Branches:
Dungeon (7/15)             Temple (1/1) D:5

Altars:
Ashenzari
Cheibriados
Dithmenos
Elyvilon
Fedhas
Gozag
Hepliaklqana
Kikubaaqudgha
Makhleb
Nemelex Xobeh
Okawaru
Qazlal
Ru
Sif Muna
Trog
Uskayaw
Vehumet
Wu Jian
Xom
Yredelemnul
Zin
The Shining One

Shops:
D:2 (   D:5 !

Annotations:
D:3 2 transporters, croobank's ghost, amateur DgFE


Innate Abilities, Weirdness & Mutations

You are immune to sickness and miasma.
Your stone body is resilient. (AC +6)
You are immune to poison.
You resist negative energy. (rN+)
You are resistant to electric shocks. (rElec)
You are resistant to unholy torment.
You are immune to petrification.


Message History

A komodo dragon comes into view.
The orc is engulfed in a cloud of scalding steam.
The orc hits you but does no damage.
The orc priest mumbles some strange prayers to Beogh against you.
Pain shoots through your body! The steam dragon bites you.
The steam dragon barely misses you.
The jelly is engulfed in a cloud of scalding steam.
The orc closely misses you.
The orc priest is engulfed in a cloud of scalding steam.
You see here a +0 leather armour.
You closely miss the orc priest.
The orc priest is severely wounded.
The steam dragon bites you. You block the steam dragon's attack.
The orc hits you but does no damage.
The orc priest hits you but does no damage.
The jelly hits you but does no damage.
You sock the jelly!
You kill the jelly!
The steam dragon closely misses you. The steam dragon claws you.
The orc throws a javelin.
The javelin pierces through you.
The orc priest hits you but does no damage.
The steam dragon bites you but does no damage.
The steam dragon barely misses you. The orc hits you but does no damage.
The orc priest begins to cast a cantrip, but forgets the words!
You sock the orc!
You kill the orc!
You block the steam dragon's attack.
The steam dragon claws you but does no damage.
The orc priest mumbles some strange prayers to Beogh against you.
Beogh smites you!
The steam dragon bites you but does no damage.
You block the steam dragon's attack.
Things that are here:
a +0 trident; 5 javelins; a potion of curing The steam dragon bites you but does no damage.
The steam dragon claws you.
You feel very mighty all of a sudden. The komodo dragon bites you!!
You die...
Your body rises from the dead as a mindless zombie.

##.##..#......##(#.#.##
##....#.......#...#..#
#...##.#####..#.#.'..#
#.###### ..#[.)#......
#.# ..#(#.# ##o.. #.#
.#...# # #.# ###o# #.#
#.l.# #.# #@#.# #.#
#.##..(# #.#######..
..#.#.# ##.#........
..#...# ...........#
#.#.#.# #..#########
#.#...# #.<.....#
##.###.#
#.#####.#####...##.#
#.## ............#


You could see a komodo dragon and an orc priest.

Vanquished Creatures
  A cyclops (D:7)
  Sigmund (D:2)
  An ice beast (D:6)
  An ogre (D:5)
  2 bullfrogs (D:7)
  2 scorpions
  A water moccasin skeleton (D:5)
  3 wights (D:6)
  A howler monkey (D:7)
  A jelly (D:7)
  3 orc priests (D:6)
  3 hounds
  A bullfrog skeleton (D:4)
  Jessica (D:3)
  An iguana (D:5)
  2 orc wizards
  A hound skeleton (D:4)
  4 gnolls (D:4)
  7 adders
  A shadow imp (D:7)
  2 white imps
  A dart slug (D:3)
  18 orcs
  3 bats
  2 endoplasms
  4 giant cockroaches
  10 goblins
  12 hobgoblins
  3 jackals (D:3)
  4 quokkas
  12 ball pythons
  9 frilled lizards
  17 kobolds
  11 rats
146 creatures vanquished.

Vanquished Creatures (collateral kills)
  A shadow (D:7)
  A necrophage (D:6)
  An ogre (D:6)
  A scorpion (D:6)
  2 wights (D:6)
  A hound (D:7)
  A jelly (D:6)
  An iguana (D:6)
  An orc wizard (D:6)
  A howler monkey zombie (D:6)
  An orc (D:6)
12 creatures vanquished.

Vanquished Creatures (others)
  2 bullfrog zombies (D:7)
  A hound zombie (D:7)
  A spectral shadow imp (D:7)
  7 orc zombies
  9 plants
20 creatures vanquished.

Grand Total: 178 creatures vanquished

Notes
Turn   | Place    | Note
-------+----------+-------------------------------------------
     0 | D:1      | Woods the Gargoyle Fighter began the quest for the Orb.
     0 | D:1      | Reached XP level 1. HP: 14/14 MP: 1/1
   199 | D:1      | Reached XP level 2. HP: 15/19 MP: 2/2
   351 | D:1      | Reached skill level 3 in Maces & Flails
   489 | D:1      | Reached XP level 3. HP: 23/23 MP: 3/3
  1033 | D:2      | Found Iloloagi's Antique Weapon Shop.
  1130 | D:2      | Noticed Sigmund
  1299 | D:2      | Reached skill level 1 in Dodging
  1335 | D:2      | Found a faded altar of an unknown god.
  1580 | D:3      | Reached XP level 4. HP: 28/28 MP: 4/4
  1629 | D:3      | Found an opulent altar of Gozag.
  1868 | D:3      | Reached skill level 4 in Maces & Flails
  2192 | D:3      | Noticed croobank's ghost (amateur DgFE)
  2293 | D:3      | Noticed Jessica
  2306 | D:3      | Killed Jessica
  2307 | D:3      | Reached XP level 5. HP: 32/32 MP: 5/5
  2367 | D:3      | Found a transporter.
  2368 | D:3      | Found a transporter.
  2471 | D:4      | Reached skill level 5 in Maces & Flails
  2716 | D:4      | Reached XP level 6. HP: 37/37 MP: 6/6
  2987 | D:4      | Reached skill level 6 in Maces & Flails
  3290 | D:5      | Entered Level 5 of the Dungeon
  3371 | D:5      | Found a staircase to the Ecumenical Temple.
  3447 | D:5      | Found Urghaurpha's Distillery.
  3488 | D:5      | Reached skill level 7 in Maces & Flails
  3544 | D:5      | Bought a potion of might for 60 gold pieces
  3544 | D:5      | Bought a potion of curing for 45 gold pieces
  3706 | D:5      | Reached XP level 7. HP: 35/41 MP: 7/7
  3814 | Temple   | Entered the Ecumenical Temple
  3821 | Temple   | Became a worshipper of Yredelemnul the Dark
  6241 | D:2      | Killed Sigmund
  6242 | D:2      | Reached skill level 8 in Maces & Flails
  6352 | D:6      | Found an ornate altar of the Wu Jian Council.
  6352 | D:6      | Found a white marble altar of Elyvilon.
  6368 | D:6      | Found a hide-covered altar of Uskayaw.
  6544 | D:6      | Reached XP level 8. HP: 46/46 MP: 8/8
  6600 | D:6      | Reached skill level 9 in Maces & Flails
  6704 | D:6      | Found an iron altar of Okawaru.
  6721 | D:6      | Reached * piety under Yredelemnul
  6731 | D:6      | Reached ** piety under Yredelemnul
  6861 | D:6      | Found a stormy altar of Qazlal.
  6905 | D:6      | Reached skill level 10 in Maces & Flails
  6944 | D:6      | Found a glowing silver altar of Zin.
  7373 | D:7      | Reached skill level 11 in Maces & Flails
  7433 | D:7      | Noticed a cyclops
  7555 | D:7      | Reached XP level 9. HP: 51/51 MP: 9/9
  7705 | D:7      | Killed a cyclops
  7716 | D:7      | Reached skill level 12 in Maces & Flails
  7834 | D:7      | Noticed a komodo dragon
  7847 | D:7      | Slain by a komodo dragon

Illustrated notes

Levels and vault maps discovered:
D:1:      dpeg_arrival_shrine, layout_basic, serial_bayou_lagoon_a
D:2:      layout_basic, serial_shops, shop, nicolae_ecumenical_oubliette,
          uniq_sigmund
D:3:      layout_loops_ring, mainiacjoe_overflow_tiny_flanked,
          gammafunk_ghost_gnarly_gnolls, kennysheep_jessica_study
D:4:      corexii_shantytown, layout_basic
D:5:      layout_basic, minmay_temple_entry_gardened_gates, serial_shops,
          nicolae_inconvenience_store
D:6:      layout_gridville, nicolae_overflow_hidden_temple,
          gammafunk_temple_overflow_forgotten, mainiacjoe_overflow_divided_tiny
D:7:      layout_loops_ring, hangedman_minor_gate_pass
Temple:   nicolae_temple_no_exploring_needed

Skill      XL: |  1  2  3  4  5  6  7  8  9 |
---------------+----------------------------+-----
Maces & Flails | 3 4 5 7 8 11 12 | 12.3
Dodging        | 1 |  1.1
Fighting       | |  3.2
Armour         | |  3.2
Shields        | |  3.2

Action                   |  1- 3 |  4- 6 |  7- 9 || total
-------------------------+-------+-------+-------++-------
Melee: Flail             |   136 |   270 |   248 ||   654
Invok: Dark Bargain      |       |       |     1 ||     1
  Use: Scroll            |       |     4 |       ||     4
       Potion            |       |       |     2 ||     2
 Stab: Distracted        |       |       |     1 ||     1
Armor: Scale mail        |    86 |    78 |       ||   164
       Chain mail        |       |    74 |   139 ||   213
Dodge: Dodged            |    69 |   116 |    52 ||   237
Block: Buckler           |    32 |    56 |    31 ||   119
